 Dungeon Crawl Stone Soup version 0.21-a0-88-g13b9641 (webtiles) character file.

25893 MackTheKnife the Destroyer (level 13, -2/88 HPs)
             Began as an Octopode Wanderer on June 25, 2017.
             Was an Elder of Vehumet.
             Slain by a polar bear (3 damage)
             ... on level 5 of the Lair of Beasts on June 26, 2017.
             The game lasted 00:38:09 (18421 turns).

MackTheKnife the Destroyer (Octopode Wanderer)     Turns: 18421, Time: 00:38:09

Health: -2/88      AC:  3    Str: 16    XL:     13   Next: 22%
Magic:  5/25       EV: 18    Int: 19    God:    Vehumet [****..]
Gold:   956        SH:  5    Dex: 13    Spells: 4/28 levels left

rFire    . . .     SeeInvis .   a - +6 whip (freeze)
rCold    . . .     Gourm    .   B - +0 buckler
rNeg     + . .     Faith    .   (helmet restricted)
rPois    +         Spirit   .   F - amulet of magic regeneration
rElec    .         Reflect  .   i - +2 ring of dexterity
rCorr    +         Harm     .   h - ring of wizardry {Wiz+, !d}
MR       +....                  e - ring of flight {+Fly, !d}
Stlth    ++++......             y - +4 ring of strength
HPRegen  0.24/turn              w - ring of resist corrosion
MPRegen  0.44/turn              H - ring of poison resistance {rPois, !d}
                                M - ring of protection from magic {MR+, !d}
                                S - ring of positive energy {rN+}

@: about to teleport
A: almost no armour, stealthy swim, amphibious, 8 rings, constrict 8, molten
scales 1, camouflage 1, gelatinous body 1
a: Renounce Religion, Evoke Flight


You were on level 5 of the Lair of Beasts.
You worshipped Vehumet.
Vehumet was greatly pleased with you.
You were near starving.

You visited 3 branches of the dungeon, and saw 16 of its levels.

You collected 956 gold pieces.

Inventory:

Hand Weapons
 a - a +6 whip of freezing (weapon)
   (You found it on level 1 of the Dungeon)
 b - a +3 whip of electrocution
   (You took it off Pikel on level 7 of the Dungeon)
Missiles
 O - 8 curare-tipped needles
Armour
 B - a +0 buckler (worn)
   (You found it on level 7 of the Dungeon)
Jewellery
 e - a ring of flight (on tentacle) {+Fly, !d}
   (You found it on level 6 of the Dungeon)
 h - a ring of wizardry (right tentacle) {Wiz+, !d}
   (You found it on level 2 of the Dungeon)
 i - a +2 ring of dexterity (left tentacle)
   (You found it on level 2 of the Dungeon)
 l - an uncursed ring of ice {rC+, rF-}
   (You found it on level 4 of the Dungeon)
 w - a ring of resist corrosion (on tentacle)
   (You found it on level 9 of the Dungeon)
 y - a +4 ring of strength (on tentacle)
   (You found it on level 6 of the Dungeon)
 C - an uncursed ring of fire {rF+, rC-}
   (You found it on level 2 of the Lair of Beasts)
 F - an amulet of magic regeneration (around mantle)
   (You took it off an orc on level 10 of the Dungeon)
 H - a ring of poison resistance (on tentacle) {rPois, !d}
   (You found it on level 1 of the Lair of Beasts)
 M - a ring of protection from magic (on tentacle) {MR+, !d}
   (You found it on level 4 of the Lair of Beasts)
 S - a ring of positive energy (on tentacle) {rN+}
   (You found it on level 5 of the Lair of Beasts)
Wands
 k - a wand of polymorph (14/24)
   (You found it on level 2 of the Dungeon)
 q - a wand of digging (7/24)
   (You took it off an orc on level 4 of the Dungeon)
 A - a wand of clouds (3/9)
   (You took it off Pikel on level 7 of the Dungeon)
 G - a wand of iceblast (7/15)
   (You found it on level 10 of the Dungeon)
 K - a wand of confusion (40/48)
   (You found it on level 1 of the Lair of Beasts)
Scrolls
 n - 3 scrolls of teleportation
 o - 6 scrolls of fear
 t - 5 scrolls of remove curse
 u - a scroll of recharging
 D - a scroll of blinking {!r}
 I - a scroll of torment {unknown}
 Q - a scroll of enchant armour {unknown}
 R - a scroll of magic mapping {unknown}
 T - a scroll of identify
Potions
 c - 9 potions of curing
 d - a potion of brilliance
 m - 4 potions of flight
 p - a potion of ambrosia
 s - a potion of heal wounds
 x - a potion of mutation {!q}
 J - a potion of haste
 L - a potion of might
 N - a potion of resistance
 P - a potion of cancellation
Books
 g - a book of Air
 z - the Compendium of the Voyage

   Spells                             Type                      Level
   a - Apportation                    Translocation                1
   b - Teleport Other                 Translocation                3
 E - a book of Geomancy
   (You found it on level 1 of the Lair of Beasts)
Comestibles
 f - 4 bread rations {@e1}
 j - 9 royal jellies
 r - 2 meat rations {@e2}
 v - 9 fruits


   Skills:
 - Level 8.1 Fighting
 - Level 8.5 Maces & Flails
 - Level 8.2 Dodging
 - Level 5.7 Stealth
 - Level 4.1 Shields
 + Level 8.4 Spellcasting
 + Level 9.4 Conjurations
 + Level 7.7 Summonings
 - Level 1.0 Fire Magic
 - Level 6.8 Air Magic
   Level 1.2 Poison Magic


You had 4 spell levels left.
You knew the following spells:

 Your Spells              Type           Power        Failure   Level  Hunger
a - Stone Arrow           Conj/Erth      ####..       1%          3    None
b - Airstrike             Air            ####......   1%          4    ###....
c - Conjure Flame         Conj/Fire      ####....     1%          3    None
d - Spellforged Servitor  Conj/Summ      #####.....   22%         7    #######
s - Swiftness             Chrm/Air       ###.....     1%          2    None
x - Lightning Bolt        Conj/Air       #####.....   1%          5    #####..


Dungeon Overview and Level Annotations

Branches:
Dungeon (10/15)            Temple (1/1) D:7            Lair (5/6) D:8
  Swamp (0/4) Lair:3       Spider (0/4) Lair:2          Orc (0/2) D:10
  Slime: Lair:5-6

Altars:
Ashenzari
Cheibriados
Dithmenos
Elyvilon
Fedhas
Gozag
Hepliaklqana
Kikubaaqudgha
Makhleb
Nemelex Xobeh
Okawaru
Qazlal
Ru
Sif Muna
Trog
Uskayaw
Vehumet
Wu Jian
Xom
Yredelemnul
Zin
The Shining One
Lugonu

Annotations:
D:3 exclusion: downstairs
Lair:2 exclusion: oklob plant


Innate Abilities, Weirdness & Mutations

You cannot wear most types of armour.
You are very stealthy in the water. (Stealth+)
You are amphibious.
You can wear up to eight rings at the same time.
You can use your tentacles to constrict eight enemies at once.
Your skin changes colour to match your surroundings (Stealth+).
Your rubbery body absorbs attacks. (AC +1, EV +1)
You are partially covered in molten scales. (AC +2)


Message History

The bolt of lightning misses the bullfrog.
The bolt of lightning hits the black mamba.
The bolt of lightning misses the black mamba.
You are near starving!
The bullfrog barely misses you.
You now have 7/25 mp.
You hear a mighty clap of thunder!
The bolt of lightning hits the bullfrog.
You kill the bullfrog!
Vehumet accepts your kill.
You feel your power returning.
The bolt of lightning misses the black mamba.
The bolt of lightning hits the spiny frog.
You hear a deafening roar!
You block the black mamba's attack.
You now have 5/25 mp.
Unknown command.
You hear a mighty clap of thunder!
The bolt of lightning hits the black mamba.
The bolt of lightning misses the black mamba.
The bolt of lightning hits the lindwurm.
You are starving!
The black mamba bites you! x2
You take 25 damage, and have 49/88 hp.
MASSIVE DAMAGE!!
You now have 0/25 mp.
You eat one of the 10 fruits.
You are feeling very hungry.
Mmm - a full handful of gooseberries!
You block the black mamba's attack.
Unknown command.
Okay, then.
Unknown command.
Unknown command.
You hit the black mamba. You freeze the black mamba. You grab the black mamba.
You constrict the black mamba. You block the black mamba's attack.
The black mamba misses you.
You whack the black mamba!
The black mamba seems to slow down.
You freeze the black mamba.
You kill the black mamba!
Vehumet accepts your kill.
You feel your power returning.
You regained 3 mp, and now have 4/25 mp.
You barely miss the black mamba. You grab the black mamba.
You constrict the black mamba, but do no damage.
The black mamba closely misses you.
Unknown command.
You barely miss the black mamba. You constrict the black mamba.
The black mamba barely misses you.
A porcupine comes into view.
You hit the black mamba but do no damage.
You constrict the black mamba, but do no damage.
The black mamba bites you. The black mamba closely misses you.
The porcupine moves out of view.
You take 3 damage, and have 47/88 hp.
You hit the black mamba.
The black mamba seems to slow down.
You freeze the black mamba. You constrict the black mamba.
The black mamba misses you.
You hear a mighty clap of thunder!
The bolt of lightning hits the black mamba.
You kill the black mamba!
Vehumet accepts your kill.
You feel your power returning.
The bolt of lightning hits the spiny frog.
The bolt of lightning hits the lindwurm.
You kill the lindwurm!
Vehumet accepts your kill.
You feel your power returning.
You are near starving!
You now have 5/25 mp.
You hear a mighty clap of thunder!
The bolt of lightning hits the hippogriff.
The bolt of lightning hits the spiny frog.
You block the hippogriff's attack. The hippogriff pecks you!
The hippogriff closely misses you.
You take 8 damage, and have 40/88 hp.
You now have 0/25 mp.
Unknown command.
You whack the hippogriff! You freeze the hippogriff.
You kill the hippogriff!
Vehumet accepts your kill.
You feel your power returning.
You regained 2 mp, and now have 2/25 mp.
You closely miss the spiny frog. Your grab misses the spiny frog.
The spiny frog stings you!!
* * * LOW HITPOINT WARNING * * *
You take 18 damage, and have 22/88 hp.
MASSIVE DAMAGE!!
You hit the spiny frog. You freeze the spiny frog.
You kill the spiny frog!
Vehumet accepts your kill.
You feel your power returning.
Unknown command.
The porcupine bites you!
* * * LOW HITPOINT WARNING * * *
You take 8 damage, and have 15/88 hp.
As you read the scroll of teleportation, it crumbles to dust.
You feel strangely unstable. The polar bear bites you!
* * * LOW HITPOINT WARNING * * *
The polar bear misses you. The polar bear claws you.
You die...

........##.........##....##......
.........#....<....##.....#....#.
......#..#......... #.....#......
......#.## ...†... #.....#...#..
........# ..†.. #....###.....
........## ... ##.....P#.....
.........#####†# ##......P......
..........##.#.####..P#..........
...............h@................
...............r.................
..............P.....##...........
.#.............###..#.....##.....
.#...........## #..##....#P.....
##........... P..P##...#.P....
............###...#...........
#...........# #...#....##.....
#....#......


You could see a polar bear and a porcupine.

Vanquished Creatures
  A hydra (Lair:4)
  2 two-headed ogres
  The ghost of MackTheKnife the Skirmisher, a novice CeWn of Makhleb (D:5)
  Pikel (D:7)
  A lindwurm (Lair:5)
  4 black mambas
  5 elephants (Lair:4)
  9 spiny frogs
  A centaur skeleton (D:10)
  Psyche (D:7)
  A rime drake (Lair:1)
  4 komodo dragons
  A jumping spider (Lair:2)
  A queen bee (D:8)
  4 trolls
  7 blink frogs
  7 hippogriffs
  Sigmund (D:3)
  2 wyverns
  3 basilisks
  15 yaks
  Menkaure (D:6)
  A hungry ghost (D:9)
  9 water moccasins
  Duvessa (D:6)
  An ice beast (D:10)
  7 porcupines
  2 orc warriors
  4 ogres
  A black bear (D:7)
  A phantom (D:7)
  7 wolves
  2 centaurs
  9 crocodiles
  16 bullfrogs
  A gnoll sergeant (D:9)
  Dowan (D:6)
  4 scorpions
  19 killer bees (D:8)
  6 howler monkeys
  3 electric eels
  6 crimson imps
  A quasit (D:5)
  2 bullfrog zombies
  4 jellies
  Crazy Yiuf (D:5)
  10 hounds
  11 orc wizards
  A bullfrog skeleton (D:8)
  An orc priest (D:9)
  A gnoll shaman (D:5)
  5 iguanas
  A hell rat (Lair:5)
  5 worker ants
  A hound zombie (D:9)
  A hound skeleton (D:6)
  A worker ant zombie (D:8)
  12 adders
  29 gnolls
  A shadow imp (D:6)
  An adder zombie (D:7)
  A dart slug (D:1)
  2 worms
  9 leopard geckos
  61 orcs
  6 giant cockroaches
  7 goblins
  3 hobgoblins
  5 jackals
  5 quokkas
  2 ball pythons
  6 bats
  8 frilled lizards
  A giant cockroach zombie (D:6)
  6 kobolds
  A quokka skeleton (D:6)
  4 rats
390 creatures vanquished.

Vanquished Creatures (others)
  An ice beast (D:7)
  3 slaves (D:7)
  A centaur (D:7)
  4 fungi
  2 plants (Lair:4)
11 creatures vanquished.

Grand Total: 401 creatures vanquished

Notes
Turn   | Place    | Note
-------+----------+-------------------------------------------
     0 | D:1      | MackTheKnife the Octopode Wanderer began the quest for the Orb.
     0 | D:1      | MackTheKnife set off with: a book of Air, the Compendium of the Voyage, a potion of curing, a +0 club, a bread ration {@e1}
     0 | D:1      | Reached XP level 1. HP: 11/11 MP: 4/4
     0 | D:1      | Identified the Compendium of the Voyage
     2 | D:1      | Learned a level 1 spell: Shock
     4 | D:1      | Noticed a gargoyle
     6 | D:1      | Noticed a minotaur
     6 | D:1      | Noticed a human
     8 | D:1      | Noticed a dwarf
    10 | D:1      | Noticed a tengu
    10 | D:1      | Noticed an octopode
    12 | D:1      | Noticed a felid
    12 | D:1      | Noticed a vampire
    14 | D:1      | Noticed a spriggan
    16 | D:1      | Noticed a centaur
    16 | D:1      | Noticed a halfling
    19 | D:1      | Noticed an ogre
    19 | D:1      | Noticed an elf
    21 | D:1      | Noticed a draconian
    21 | D:1      | Noticed a demonspawn
    23 | D:1      | Noticed a naga
    23 | D:1      | Noticed a vine stalker
    25 | D:1      | Noticed a troll
    25 | D:1      | Noticed a ghoul
    27 | D:1      | Noticed a demigod
    29 | D:1      | Noticed a merfolk
    29 | D:1      | Noticed a formicid
   120 | D:1      | HP: 2/11 [kobold (3)]
   635 | D:1      | Reached XP level 2. HP: 17/17 MP: 6/6
  1257 | D:1      | Learned a level 2 spell: Swiftness
  1818 | D:2      | Reached XP level 3. HP: 21/21 MP: 8/8
  2353 | D:2      | Found a white marble altar of Elyvilon.
  2468 | D:3      | Reached skill level 4 in Spellcasting
  2468 | D:3      | Reached XP level 4. HP: 11/27 MP: 8/10
  2676 | D:3      | Learned a level 4 spell: Airstrike
  2910 | D:3      | Noticed Sigmund
  2919 | D:3      | Killed Sigmund
  2919 | D:3      | Reached skill level 4 in Air Magic
  2919 | D:3      | Reached XP level 5. HP: 31/31 MP: 12/12
  2919 | D:3      | Reached XP level 6. HP: 36/36 MP: 13/13
  2939 | D:3      | Reached skill level 5 in Spellcasting
  3242 | D:3      | Reached skill level 1 in Fighting
  3310 | D:4      | Found a basalt altar of Yredelemnul.
  3318 | D:4      | Found a glowing golden altar of the Shining One.
  3328 | D:4      | Noticed an angel
  3506 | D:4      | Found an opulent altar of Gozag.
  3516 | D:4      | Reached skill level 1 in Maces & Flails
  3516 | D:4      | Reached skill level 1 in Dodging
  3631 | D:4      | Reached skill level 2 in Fighting
  3733 | D:4      | Reached XP level 7. HP: 45/45 MP: 5/14
  4178 | D:4      | Found a hazy altar of Hepliaklqana.
  4349 | D:4      | Reached skill level 2 in Maces & Flails
  4413 | D:4      | Reached skill level 2 in Dodging
  4629 | D:5      | Entered Level 5 of the Dungeon
  4744 | D:5      | Noticed a hippogriff
  4761 | D:5      | Killed a hippogriff
  4761 | D:5      | Reached skill level 3 in Fighting
  4761 | D:5      | Reached skill level 3 in Maces & Flails
  4839 | D:5      | Reached skill level 3 in Dodging
  4996 | D:5      | Reached XP level 8. HP: 52/52 MP: 2/15
  5182 | D:5      | Reached skill level 4 in Maces & Flails
  5385 | D:5      | Reached skill level 4 in Fighting
  5499 | D:5      | Reached skill level 4 in Dodging
  5721 | D:5      | Found a runed door.
  5788 | D:5      | Noticed MackTheKnife's ghost (novice CeWn)
  5804 | D:5      | Killed MackTheKnife's ghost
  5804 | D:5      | Reached skill level 5 in Fighting
  5804 | D:5      | Reached skill level 5 in Maces & Flails
  6048 | D:5      | Noticed Crazy Yiuf
  6052 | D:5      | Killed Crazy Yiuf
  6052 | D:5      | Reached skill level 5 in Dodging
  6168 | D:6      | Reached XP level 9. HP: 57/61 MP: 16/16
  6354 | D:6      | Noticed Duvessa
  6355 | D:6      | Noticed Dowan
  6360 | D:6      | Killed Duvessa
  6365 | D:6      | Killed Dowan
  6538 | D:6      | Noticed Menkaure
  6564 | D:6      | Killed Menkaure
  6564 | D:6      | Reached skill level 6 in Maces & Flails
  6605 | D:6      | Reached skill level 6 in Fighting
  6727 | D:6      | Learned a level 5 spell: Lightning Bolt
  7229 | D:6      | Reached skill level 1 in Conjurations
  7515 | D:7      | Found a staircase to the Ecumenical Temple.
  7523 | Temple   | Entered the Ecumenical Temple
  7555 | Temple   | Became a worshipper of Vehumet
  7586 | D:7      | Reached skill level 2 in Conjurations
  7698 | D:7      | Noticed Pikel
  7843 | D:7      | Reached skill level 3 in Conjurations
  7944 | D:7      | HP: 15/62 [Pikel/whip of electrocution (14)]
  7945 | D:7      | Killed Pikel
  7945 | D:7      | Reached skill level 5 in Conjurations
  8195 | D:7      | Gained mutation: You are agile. (Dex +2) [potion of mutation]
  8195 | D:7      | Lost mutation: You are agile. (Dex +2) [potion of mutation]
  8195 | D:7      | Gained mutation: You are partially covered in molten scales. (AC +2) [potion of mutation]
  8303 | D:7      | Reached skill level 6 in Conjurations
  8419 | D:8      | Noticed Psyche
  8429 | D:7      | Killed Psyche
  8429 | D:7      | Reached skill level 3 in Shields
  8429 | D:7      | Reached XP level 10. HP: 56/68 MP: 17/17
  8479 | D:7      | Reached skill level 4 in Shields
  8607 | D:8      | Reached skill level 5 in Air Magic
  8656 | D:8      | Noticed a two-headed ogre
  8667 | D:8      | Killed a two-headed ogre
  8688 | D:8      | HP: 14/68 [troll (16)]
  8688 | D:8      | HP: 3/68 [troll (11)]
  9005 | D:8      | Reached * piety under Vehumet
  9005 | D:8      | Offered knowledge of Sting by Vehumet.
  9016 | D:8      | Reached skill level 7 in Conjurations
  9103 | D:8      | Found a staircase to the Lair.
  9160 | D:8      | Reached skill level 6 in Spellcasting
  9337 | D:8      | Reached skill level 6 in Air Magic
 10241 | D:8      | Found a blossoming altar of Fedhas.
 10250 | D:8      | Found a shimmering altar of Xom.
 10263 | D:8      | Found a deep blue altar of Sif Muna.
 10270 | D:8      | Found a bloodstained altar of Trog.
 10386 | D:8      | Reached XP level 11. HP: 59/72 MP: 1/20
 10626 | D:9      | Offered knowledge of Sandblast by Vehumet.
 10639 | D:9      | Reached ** piety under Vehumet
 10653 | D:9      | Found a shattered altar of Ashenzari.
 10656 | D:9      | Found an iron altar of Okawaru.
 10656 | D:9      | Found a burning altar of Makhleb.
 10658 | D:9      | Found a shadowy altar of Dithmenos.
 10658 | D:9      | Found a snail-covered altar of Cheibriados.
 10718 | D:9      | Reached skill level 2 in Stealth
 10771 | D:9      | Reached skill level 8 in Conjurations
 11022 | D:9      | Reached skill level 3 in Stealth
 11047 | D:9      | Noticed a two-headed ogre
 11061 | D:9      | Killed a two-headed ogre
 11061 | D:9      | Reached skill level 7 in Spellcasting
 11061 | D:9      | Reached skill level 4 in Stealth
 11708 | D:10     | Entered Level 10 of the Dungeon
 11737 | D:10     | Offered knowledge of Conjure Flame by Vehumet.
 11742 | D:10     | Learned a level 3 spell: Conjure Flame
 11805 | D:10     | Reached *** piety under Vehumet
 12064 | D:10     | Reached skill level 5 in Stealth
 12122 | D:10     | Offered knowledge of Ignite Poison by Vehumet.
 12327 | D:10     | Found a staircase to the Orcish Mines.
 12429 | D:10     | Reached **** piety under Vehumet
 13203 | Lair:1   | Entered Level 1 of the Lair of Beasts
 13220 | Lair:1   | Offered knowledge of Lee's Rapid Deconstruction by Vehumet.
 13220 | Lair:1   | Reached skill level 6 in Dodging
 13233 | Lair:1   | HP: 15/74 [wolf (6)]
 13865 | Lair:1   | Reached skill level 7 in Maces & Flails
 13890 | Lair:1   | Reached skill level 7 in Fighting
 14068 | Lair:1   | Reached skill level 7 in Dodging
 14194 | Lair:1   | Reached XP level 12. HP: 67/81 MP: 23/23
 14350 | Lair:1   | Upgraded the game from 0.21-a0-85-ga0cb861 to 0.21-a0-88-g13b9641
 14382 | Lair:2   | Learned a level 3 spell: Stone Arrow
 14691 | Lair:1   | Reached skill level 8 in Maces & Flails
 14996 | Lair:2   | Noticed a seven-headed hydra
 15094 | Lair:2   | Found a hole to the Spider Nest.
 15392 | Lair:2   | Reached skill level 8 in Dodging
 15393 | Lair:2   | Reached skill level 8 in Fighting
 15418 | Lair:2   | Reached ***** piety under Vehumet
 15418 | Lair:2   | Offered knowledge of Spellforged Servitor by Vehumet.
 15486 | Lair:1   | Learned a level 7 spell: Spellforged Servitor
 15531 | Lair:2   | Reached skill level 1 in Summonings
 15869 | Lair:3   | Reached skill level 2 in Summonings
 16022 | Lair:3   | Reached skill level 3 in Summonings
 16212 | Lair:3   | Found a staircase to the Swamp.
 16435 | Lair:3   | Reached skill level 4 in Summonings
 17068 | Lair:4   | Reached skill level 5 in Summonings
 17207 | Lair:4   | Noticed a four-headed hydra
 17504 | Lair:4   | Killed a four-headed hydra
 17504 | Lair:4   | Reached skill level 6 in Summonings
 17944 | Lair:4   | Reached XP level 13. HP: 88/88 MP: 13/24
 17945 | Lair:4   | Reached skill level 9 in Conjurations
 17945 | Lair:4   | Reached skill level 7 in Summonings
 17949 | Lair:4   | Reached skill level 8 in Spellcasting
 18021 | Lair:4   | Noticed a dire elephant
 18417 | Lair:5   | HP: 22/88 [spiny frog (18)]
 18421 | Lair:5   | HP: 1/88 [polar bear (14)]
 18421 | Lair:5   | Slain by a polar bear

Vault maps used:
D:1:      kb_arrival_jail, minmay_pentomino_z2
D:2:      lemuel_round_altar, kennysheep_cluttered_room, kennysheep_cross_room
D:3:      minmay_misc_feat_ornament, uniq_sigmund
D:4:      grunt_temple_overflow_holy_war, grunt_gozag_statues,
          lemuel_doored_altar
D:5:      first_bread, serial_bayou_pond_e, uniq_crazy_yiuf_cottage
D:6:      serial_co_window_serial, co_window_corner_a,
          co_window_of_opportunity_a, co_window_paths_a, co_window_paths_a,
          co_window_paths_a, co_window_corner_b, co_window_cross_4,
          co_window_corner_cb, co_window_broadway_a, co_window_broadway_a,
          co_window_4corner_a, co_window_4corner_b, glass_columns_a,
          glass_columns_c, amethyst_killhole, uniq_menkaure, uniq_duvessa
D:7:      minmay_temple_entry_statues_pillars, uniq_pikel
D:8:      nicolae_overflow_quartered_altars, erik_lair_island, david_nohive_1,
          minmay_stone_trees_medium, uniq_psyche
D:9:      grunt_temple_overflow_open
D:10:     hiddenorc2_lemuel, minmay_curled_crystal, grunt_ministairs_1
Temple:   corrupted_temple
Lair:2:   spider_nest_entry_rubble, minmay_lair_oklob_chamber,
          uniq_prince_ribbit2
Lair:3:   swamp_mist_pool
Lair:4:   beast_lair_carwin_large_2, grunt_megastairs_3,
          infiniplex_staircase_pool_2
Lair:5:   cheibrodos_lair_reptile_den

Skill      XL: |  1  2  3  4  5  6  7  8  9 10 11 12 13 |
---------------+----------------------------------------+-----
Spellcasting   | 4 5 6 7 8 |  8.4
Air Magic      | 4 6 |  6.8
Fighting       | 2 3 5 6 7 8 |  8.1
Maces & Flails | 1 3 5 6 7 8 |  8.5
Dodging        | 1 3 5 7 8 |  8.2
Conjurations   | 6 7 8 9 |  9.4
Shields        | 3 4 |  4.1
Stealth        | 5 |  5.7
Summonings     | 6 7 |  7.7
Fire Magic     | |  1.0
Poison Magic   | |  1.2

Action                   |  1- 3 |  4- 6 |  7- 9 | 10-12 | 13-15 || total
-------------------------+-------+-------+-------+-------+-------++-------
Melee: Club              |     9 |       |       |       |       ||     9
       Whip              |    54 |    43 |   155 |   452 |    25 ||   729
       Constrict         |    16 |    10 |    33 |    93 |     2 ||   154
       Tentacles         |     6 |     6 |    27 |    80 |     3 ||   122
 Cast: Shock             |    12 |     5 |       |     7 |       ||    24
       Airstrike         |       |     7 |    46 |   227 |     4 ||   284
       Lightning Bolt    |       |       |       |    31 |    13 ||    44
       Stone Arrow       |       |       |       |     2 |       ||     2
Evoke: Wand              |       |       |       |     3 |       ||     3
  Use: Scroll            |     6 |     5 |     4 |    10 |     1 ||    26
       Potion            |       |     3 |     2 |     5 |       ||    10
 Stab: Sleeping          |     2 |     3 |     5 |     1 |       ||    11
       Distracted        |     1 |       |     3 |     1 |       ||     5
  Eat: Chunk             |     4 |     5 |    22 |    41 |     1 ||    73
       Royal jelly       |       |       |     1 |     2 |       ||     3
       Bread ration      |       |       |       |     3 |       ||     3
       Fruit             |       |       |       |     2 |     1 ||     3
       Meat ration       |       |       |       |     1 |       ||     1
Armor: Skin              |     5 |     1 |     7 |    20 |       ||    33
Dodge: Dodged            |    42 |    27 |    77 |   268 |    19 ||   433
Block: Buckler           |       |       |       |    78 |     6 ||    84

Vault maps used:
D:1:      kb_arrival_jail, minmay_pentomino_z2
D:2:      lemuel_round_altar, kennysheep_cluttered_room, kennysheep_cross_room
D:3:      minmay_misc_feat_ornament, uniq_sigmund
D:4:      grunt_temple_overflow_holy_war, grunt_gozag_statues,
          lemuel_doored_altar
D:5:      first_bread, serial_bayou_pond_e, uniq_crazy_yiuf_cottage
D:6:      serial_co_window_serial, co_window_corner_a,
          co_window_of_opportunity_a, co_window_paths_a, co_window_paths_a,
          co_window_paths_a, co_window_corner_b, co_window_cross_4,
          co_window_corner_cb, co_window_broadway_a, co_window_broadway_a,
          co_window_4corner_a, co_window_4corner_b, glass_columns_a,
          glass_columns_c, amethyst_killhole, uniq_menkaure, uniq_duvessa
D:7:      minmay_temple_entry_statues_pillars, uniq_pikel
D:8:      nicolae_overflow_quartered_altars, erik_lair_island, david_nohive_1,
          minmay_stone_trees_medium, uniq_psyche
D:9:      grunt_temple_overflow_open
D:10:     hiddenorc2_lemuel, minmay_curled_crystal, grunt_ministairs_1
Temple:   corrupted_temple
Lair:2:   spider_nest_entry_rubble, minmay_lair_oklob_chamber,
          uniq_prince_ribbit2
Lair:3:   swamp_mist_pool
Lair:4:   beast_lair_carwin_large_2, grunt_megastairs_3,
          infiniplex_staircase_pool_2
Lair:5:   cheibrodos_lair_reptile_den

Table legend:
 A = Turns spent in this place as a percentage of turns spent in the entire game.
 B = Non-inter-level travel turns spent in this place as a percentage of non-inter-level travel turns spent in the entire game.
 C = Inter-level travel turns spent in this place as a percentage of turns spent in this place.
 D = Turns resting spent in this place as a percentage of non-inter-level travel turns spent in this place.
 E = Turns spent auto-exploring this place as a percentage of non-inter-level travel turns spent in this place.
 F = Non-inter-level travel turns spent in this place divided by the number of levels of this place that you've seen.
                   A       B       C       D       E      F
               +-------+-------+-------+-------+-------+----------------------
         Total | 100.0 | 100.0 |   0.8 |   6.2 |  10.6 | 258.6
       Dungeon |  71.1 |  71.2 |   0.7 |   6.6 |  11.1 | 294.5
        Temple |   0.8 |   0.8 |   3.0 |   0.0 |   9.4 |  32.0
          Lair |  28.1 |  28.0 |   1.0 |   5.3 |   9.3 | 232.0
               +-------+-------+-------+-------+-------+----------------------

Table legend:
 A = Kills in this place as a percentage of kills in entire the game.
 B = Kills by you in this place as a percentage of kills by you in the entire game.
 C = Kills by friends in this place as a percentage of kills by friends in the entire game.
 D = Other kills in this place as a percentage of other kills in the entire game.
 E = Experience gained in this place as a percentage of experience gained in the entire game.
 F = Experience gained in this place divided by the number of levels of this place that you have seen.
                   A       B       C       D       E      F
               +-------+-------+-------+-------+-------+----------------------
         Total | 100.0 | 100.0 |  -nan |  -nan | 100.0 | 2311.9
       Dungeon |  75.4 |  75.4 |  -nan |  -nan |  38.0 | 1407.4
          Lair |  24.6 |  24.6 |  -nan |  -nan |  62.0 | 4583.2
               +-------+-------+-------+-------+-------+----------------------
